 Dungeon Crawl Stone Soup version 0.17-a0-2030-g9ce824c (webtiles) character file.

18 KINGKRU the Skirmisher (level 2, -1/27 HPs)
             Began as a Hill Orc Fighter on Oct 5, 2015.
             Was an Initiate of Trog.
             Slain by a gnoll
             ... wielding a +2 halberd of flaming
              (7 damage)
             ... on level 2 of the Dungeon on Oct 10, 2015.
             The game lasted 00:08:19 (1243 turns).

KINGKRU the Skirmisher (Hill Orc Fighter)           Turns: 1243, Time: 00:08:19

Health: -1/27      AC:  7    Str: 18    XL:     2   Next: 66%
Magic:  2/2        EV:  7    Int:  8    God:    Trog [......]
Gold:   100        SH:  9    Dex: 10    Spells: 0 memorised, 1 level left

rFire  . . .     SeeInvis .     t - +0 falchion
rCold  . . .     Clarity  .     b - +0 scale mail
rNeg   . . .     SustAt   .     c - +0 shield
rPois  .         Gourm    .     (no helmet)
rElec  .         Spirit   .     (no cloak)
rCorr  .         Warding  .     (no gloves)
rMut   .         Stasis   .     (no boots)
MR     .....                    l - amulet of rage
Stlth  ..........               (no ring)
                                (no ring)

@: not resistant to hostile enchantments, extremely unstealthy
A: no striking features
a: Burn Spellbooks, Renounce Religion, Evoke Berserk Rage


You were on level 2 of the Dungeon.
You worshipped Trog.
Trog was noncommittal.
You were not hungry.

You visited 1 branch of the dungeon, and saw 2 of its levels.

You collected 100 gold pieces.

Inventory:

Hand Weapons
 a - a +0 long sword
 t - a +0 falchion (weapon)
Armour
 b - a +0 scale mail (worn)
 c - a +0 shield (worn)
Jewellery
 l - an amulet of rage (around neck)
Scrolls
 e - 2 scrolls of identify
 h - 2 scrolls of magic mapping {unknown}
 k - 3 scrolls of remove curse
 n - a scroll of amnesia {unknown}
 p - a scroll of random uselessness {unknown}
 r - a scroll of enchant armour {unknown}
 u - a scroll of noise {unknown}
Potions
 d - a potion of might
 i - a potion of invisibility {unknown}
 m - a potion of haste {unknown}
 o - a potion of curing {unknown}
 q - a potion of degeneration {unknown}
Comestibles
 f - 2 meat rations
 g - 3 fruits
 j - 2 beef jerkies
 s - a bread ration


   Skills:
 + Level 3.8 Fighting
 + Level 2.3 Long Blades
 + Level 3.7 Armour
 + Level 0.2 Dodging
 + Level 3.4 Shields


You had one spell level left.
You didn't know any spells.

Dungeon Overview and Level Annotations

Branches:
Dungeon (2/15)

Altars:
Gozag
Trog
Zin


Message History

The gnoll is heavily wounded.
The gnoll hits you but does no damage. The gnoll barely misses you.
Your shield and scale mail prevent you from hitting the gnoll.
The gnoll is heavily wounded.
You block the gnoll's attack. The gnoll barely misses you.
You hit the gnoll.
The gnoll is almost dead.
The gnoll hits you from afar with a spear.
You block the gnoll's attack. x2
You closely miss the gnoll.
The gnoll is severely wounded.
The gnoll hits you with a halberd of flaming!
The gnoll burns you.
* * * LOW HITPOINT WARNING * * *
The gnoll closely misses you.
You hit the gnoll.
The gnoll is almost dead.
You block the gnoll's attack.
The gnoll hits you with a halberd of flaming!
You die...

########################
................@ggg....
#.###############################
#.##### #.....>................
#.#...# #.###..################
#.#...# #.#...............# #
#.#...# #.#.#..##########.# ##
#.#...# #.#.#..##########.# #.
#.#.[.# #.#.#.............# #.
#.#...# #.#.##.###############.


You could see 3 gnolls.

Vanquished Creatures
  3 goblins (D:1)
  3 kobolds
  A ball python (D:1)
  4 bats
  2 giant newts (D:1)
  7 rats
20 creatures vanquished.

Notes
Turn   | Place    | Note
--------------------------------------------------------------
     0 | D:1      | KINGKRU the Hill Orc Fighter began the quest for the Orb.
     0 | D:1      | Reached XP level 1. HP: 19/19 MP: 1/1
   270 | D:1      | Reached XP level 2. HP: 24/27 MP: 2/2
   640 | D:2      | Found a bloodstained altar of Trog.
   665 | D:2      | Became a worshipper of Trog the Wrathful
   772 | D:2      | Found a glowing silver altar of Zin.
   839 | D:2      | Upgraded the game from 0.17-a0-1979-g1c74939 to 0.17-a0-2030-g9ce824c
  1005 | D:2      | Found an opulent altar of Gozag.
  1243 | D:2      | Slain by a gnoll

Vault maps used:
D:1:      dpeg_arrival_houses_and_road
D:2:      old_standard_altar, grunt_temple_overflow_open, zin_academy,
          grunt_gozag_statues

Action                   || total
-------------------------++-------
Melee: Long sword        ||    77
       Falchion          ||    13
 Abil: Evoke Berserk Rag ||     1
  Use: Scroll            ||     2
  Eat: Bread ration      ||     1
